 Dungeon Crawl Stone Soup version 0.21-a0-210-gbfa5647 (webtiles) character file.

98 Kidiri the Magician (level 4, 0/24 HPs)
             Began as a Deep Elf Fire Elementalist on Aug 21, 2017.
             Slain by a goblin
             ... wielding a +0 dagger
             ... led by Robin
              (1 damage)
             ... on level 3 of the Dungeon.
             The game lasted 00:05:58 (1836 turns).

Kidiri the Magician (Deep Elf Fire Elementalist)    Turns: 1836, Time: 00:05:59

Health: 0/24       AC:  3    Str: 10    XL:     4   Next: 43%
Magic:  2/13       EV: 13    Int: 21    God:
Gold:   44         SH:  0    Dex: 15    Spells: 0/13 levels left

rFire    . . .     SeeInvis .   f - +0 dagger
rCold    . . .     Gourm    .   (no shield)
rNeg     . . .     Faith    .   a - +0 robe
rPois    .         Spirit   .   (no helmet)
rElec    .         Reflect  .   (no cloak)
rCorr    .         Harm     .   (no gloves)
MR       .....                  d - +0 pair of boots
Stlth    +++.......             (no amulet)
HPRegen  0.08/turn              h - +5 ring of strength
MPRegen  0.13/turn              n - ring of stealth

@: very slightly contaminated
A: no striking features
a: no special abilities


You were on level 3 of the Dungeon.
You were not hungry.

You visited 1 branch of the dungeon, and saw 3 of its levels.

You collected 44 gold pieces.

Inventory:

Hand Weapons
 f - a +0 dagger (weapon)
Armour
 a - a +0 robe (worn)
 d - a +0 pair of boots (worn)
Jewellery
 h - a +5 ring of strength (left hand)
 n - a ring of stealth (right hand)
Scrolls
 i - 2 scrolls of remove curse
Potions
 e - a potion of magic
Books
 b - a book of Flames

   Spells                             Type                      Level
   a - Flame Tongue                   Conjuration/Fire             1
   b - Throw Flame                    Conjuration/Fire             2
   c - Conjure Flame                  Conjuration/Fire             3
   d - Inner Flame                    Hexes/Fire                   3
   e - Sticky Flame                   Conjuration/Fire             4
   f - Fireball                       Conjuration/Fire             5
Comestibles
 c - 2 bread rations
 g - 5 chunks of flesh
 j - a royal jelly
 l - a meat ration


   Skills:
 - Level 2.4 Dodging
 - Level 2.4 Stealth
 * Level 5.0 Spellcasting
 + Level 2.2 Conjurations
 + Level 4.1 Fire Magic


You couldn't memorise any spells.
You knew the following spells:

 Your Spells              Type           Power        Failure   Level  Hunger
a - Flame Tongue          Conj/Fire      ###..        2%          1    None
b - Throw Flame           Conj/Fire      ###...       4%          2    None
c - Conjure Flame         Conj/Fire      ###.....     9%          3    ##.....
d - Inner Flame           Hex/Fire       ##......     14%         3    ##.....
e - Sticky Flame          Conj/Fire      ###.....     28%         4    ####...


Dungeon Overview and Level Annotations

Branches:
Dungeon (3/15)

Altars:
Elyvilon

Annotations:
D:3 Robin, Terence


Message History

Press: ? - help, Shift-Dir - straight line, f - goblin, p - goblin
Aim: a goblin, wielding a dagger (unusually strong)
You miscast Sticky Flame.
You are very lightly contaminated with residual magic.
Your skin glows momentarily.
The goblin hits you with a dagger.
* * * LOW HITPOINT WARNING * * *
The goblin moves out of view.
A goblin comes into view.
Unknown command.
Robin throws the goblin at you! The goblin hits you but does no damage.
Unknown command.
Okay, then.
Unknown command.
Casting: Sticky Flame
Confirm with . or Enter, or press ? or * to list all spells.
Aiming: Flame Tongue
Press: ? - help, Shift-Dir - straight line, f - goblin, p - goblin
Aim: a goblin, wielding a club (unusually strong)
The flame tongue misses the goblin.
The goblin hits you with a dagger.
You die...

#..#...#..#
.#.....<#..#
.<.......#..#
####........#
##.####%.# #.##
#.## #..# #(# ##g#
#.# #@# #.#
#g###†# . #..##.#
g..
######g##(#g@g..
+...........bg....
###.....##g#gg.?..
#......#.##'####
#....#.#.# .#
##### ...# #


You could see Robin and 2 goblins.

Vanquished Creatures
  3 adders (D:2)
  A worm (D:1)
  3 dart slugs (D:1)
  3 leopard geckos
  5 ball pythons
  6 bats
  3 goblins
  10 hobgoblins
  7 jackals (D:2)
  7 kobolds
  2 quokkas
  A frilled lizard (D:2)
  2 rats (D:1)
53 creatures vanquished.

Notes
Turn   | Place    | Note
-------+----------+-------------------------------------------
     0 | D:1      | Kidiri the Deep Elf Fire Elementalist began the quest for the Orb.
     0 | D:1      | Reached XP level 1. HP: 10/10 MP: 6/6
   249 | D:1      | Reached XP level 2. HP: 15/15 MP: 5/8
   338 | D:1      | Learned a level 2 spell: Throw Flame
   544 | D:1      | Reached skill level 4 in Spellcasting
   609 | D:1      | Reached XP level 3. HP: 19/19 MP: 5/10
   616 | D:1      | Learned a level 3 spell: Conjure Flame
   620 | D:1      | Learned a level 3 spell: Inner Flame
  1419 | D:2      | Reached XP level 4. HP: 24/24 MP: 6/12
  1698 | D:2      | Found a white marble altar of Elyvilon.
  1803 | D:3      | Reached skill level 5 in Spellcasting
  1814 | D:3      | Learned a level 4 spell: Sticky Flame
  1826 | D:3      | Noticed Robin
  1829 | D:3      | Noticed Terence
  1831 | D:3      | HP: 1/24 [goblin/dagger[Robin] (3)]
  1836 | D:3      | Slain by a goblin

Vault maps used:
D:1:      dpeg_arrival_prison
D:2:      lemuel_crystal_altar, minmay_shallow_snake_nest
D:3:      gammafunk_temple_overflow_elements, first_bread,
          cheibrodos_ashenzari_chains, uniq_terence, uniq_robin, uniq_grinder

Skill      XL: |  1  2  3  4 |
---------------+-------------+-----
Spellcasting   | 4 5 |  5.0
Conjurations   | 2 |  2.2
Fire Magic     | 4 |  4.1
Dodging        | |  2.4
Stealth        | |  2.4

Action                   |  1- 3 |  4- 6 || total
-------------------------+-------+-------++-------
Melee: Unarmed           |     2 |       ||     2
       Dagger            |     3 |     4 ||     7
 Cast: Flame Tongue      |    60 |    16 ||    76
       Throw Flame       |     1 |       ||     1
       Conjure Flame     |     1 |     2 ||     3
  Use: Scroll            |     2 |     3 ||     5
 Stab: Sleeping          |     2 |     3 ||     5
  Eat: Chunk             |     1 |     2 ||     3
Armor: Robe              |     7 |     4 ||    11
Dodge: Dodged            |    24 |     8 ||    32

Table legend:
 A = Spawn XP
 B = Non-spawn XP
 C = Spawn XP percentage of total XP
 D = Spawn monster count
 E = Non-spawn monster count
 F = Spawn count percentage of total count
 G = Total turns spent on level
                    A         B        C        D         E        F      G
               +---------+---------+-------+---------+---------+-------+---------
         Total |      31 |     109 |  22.1 |       7 |      46 |  13.2 |  1836
               +---------+---------+-------+---------+---------+-------+---------
           D:1 |      13 |      42 |  23.6 |       4 |      22 |  15.4 |  1139
           D:2 |      18 |      60 |  23.1 |       3 |      21 |  12.5 |   662
           D:3 |       0 |       7 |   0.0 |       0 |       3 |   0.0 |    35
               +---------+---------+-------+---------+---------+-------+---------
